 Dungeon Crawl Stone Soup version 0.25.0-33-gff14898491 (webtiles) character file.

Game seed: 9015970188136119380

45 Aviak the Insei (level 3, -1/24 HPs)
             Began as an Octopode Transmuter on July 8, 2020.
             Slain by a worm (11 damage)
             ... on level 2 of the Dungeon.
             The game lasted 00:01:28 (1285 turns).

Aviak the Insei (Octopode Transmuter)               Turns: 1285, Time: 00:01:28

Health: -1/24      AC:  1    Str:  9    XL:     3   Next: 64%
Magic:  6/6        EV: 13    Int: 16    God:
Gold:   58         SH:  0    Dex: 12    Spells: 4/7 levels left

rFire    . . .     SeeInvis .     - Unarmed
rCold    . . .     Gourm    .   (no shield)
rNeg     . . .     Faith    .   (helmet restricted)
rPois    .         Spirit   .   (no amulet)
rElec    .         Reflect  .   (no ring)
rCorr    .         Harm     .   (no ring)
MR       .....                  (no ring)
Stlth    ++........             (no ring)
HPRegen  0.08/turn              (no ring)
MPRegen  0.10/turn              (no ring)
                                (no ring)
                                (no ring)

@: appendage (expiring)
A: almost no armour, stealthy swim, amphibious, 8 rings, constrict 8, tentacle
spike 3, camouflage 1, gelatinous body 1
a: End Transformation


You were on level 2 of the Dungeon.
You were not hungry.
One of your tentacles had a temporary spike.
You visited 1 branch of the dungeon, and saw 2 of its levels.

You collected 58 gold pieces.

Inventory:

Missiles
 a - 28 arrows
Jewellery
 d - a +4 ring of evasion {unknown}
Scrolls
 e - a scroll of fog {unknown}
 f - a scroll of teleportation {unknown}
 j - a scroll of remove curse {unknown}
 l - a scroll of fear {unknown}
 n - a scroll of immolation {unknown}
 o - a scroll of identify {unknown}
 q - a scroll of enchant armour {unknown}
 r - a scroll of enchant weapon {unknown}
Potions
 b - a potion of lignification {unknown}
 g - 2 potions of mutation {unknown}
 h - 3 potions of flight {unknown}
 i - a potion of might {unknown}
 k - 2 potions of curing {unknown}
 p - a potion of magic {unknown}
Comestibles
 c - 4 rations
 m - a chunk of flesh


   Skills:
 + Level 2.0 Fighting
 - Level 2.0 Dodging
 - Level 3.0 Unarmed Combat
 + Level 2.6 Spellcasting
 + Level 2.7 Transmutations


You had 4 spell levels left.
You knew the following spells:

 Your Spells              Type           Power        Failure   Level  Hunger
a - Beastly Appendage     Tmut           ##....       6%          1    #......
b - Sticks to Snakes      Tmut           ##......     10%         2    ##.....

Your spell library contained the following spells:

 Spells                   Type           Power        Failure   Level  Hunger
 Spider Form              Tmut/Pois      #.........   32%         3    ###....
 Ice Form                 Ice/Tmut       #.......     73%         4    #####..
 Blade Hands              Tmut           ##........   87%         5    ######.


Dungeon Overview and Level Annotations

Branches:
Dungeon (2/15)

Altars:


Innate Abilities, Weirdness & Mutations

You cannot wear most types of armour.
You are very stealthy in the water. (Stealth+)
You are amphibious.
You can wear up to eight rings at the same time.
You can use your tentacles to constrict eight enemies at once.
Your skin changes colour to match your surroundings (Stealth+).
Your rubbery body absorbs attacks. (AC +1, EV +1)
One of your tentacles bears a large vicious spike.


Message History

You tentacle-slap the goblin but do no damage.
You grab the goblin.
You pierce the goblin.
You kill the goblin!
You tentacle-slap the goblin.
You kill the goblin!
No target in view!
A worm comes into view.
A worm is nearby!
Your transformation is almost over.
The worm bites you!
You tentacle-slap the worm. Your grab misses the worm.
The worm is lightly wounded.
You tentacle-slap the worm. Your grab misses the worm.
You pierce the worm.
The worm is heavily wounded.
The worm bites you.
You barely miss the worm. You grab the worm.
The worm is moderately wounded.
You constrict the worm, but do no damage.
The worm bites you!
You die...

######
#.#####.###..#
.##
#............#
#.##
#.####.#.###.#
##.# #.#
#.###....#
#.##
#.####.#..##.#
.##
#.##.......#
##
#.##.......# #
#.##.......#
## #.
##....@w# .###
#.)..........
......
#.......#####.
.#####
......#...# .#
###.......(.
...
......#.####
####
########.# #
#.# .


You could see a worm.

Vanquished Creatures
  An adder (D:2)
  A worm (D:2)
  A leopard gecko (D:1)
  4 bats
  7 goblins
  2 hobgoblins (D:1)
  5 frilled lizards
  5 kobolds
  5 rats
31 creatures vanquished.

Notes
Turn   | Place    | Note
-------+----------+-------------------------------------------
     0 | D:1      | Aviak the Octopode Transmuter began the quest for the Orb.
     0 | D:1      | Reached XP level 1. HP: 13/13 MP: 3/3
   250 | D:1      | Reached XP level 2. HP: 18/18 MP: 5/5
   485 | D:1      | Learned a level 2 spell: Sticks to Snakes
   832 | D:1      | Reached XP level 3. HP: 21/24 MP: 6/6
  1144 | D:2      | Found a faded altar of an unknown god.
  1285 | D:2      | Slain by a worm

Illustrated notes

Levels and vault maps discovered:
D:1:      psy_arrival_terrarium, layout_basic, serial_bayou_ford_a
D:2:      layout_loops_ring, bloody_makhleb, nicolae_overflow_crystal_walls,
          chequers_ecumenical_altar_lobes, first_ration, uniq_sigmund

Skill      XL: |  1  2  3 |
---------------+----------+-----
Fighting       | 2 |  2.0
Dodging        | |  2.0
Unarmed Combat | |  3.0
Spellcasting   | |  2.6
Transmutations | |  2.7

Action                   || total
-------------------------++-------
Melee: Unarmed           ||    72
       Tentacles         ||    11
       Constrict         ||    19
       Punch             ||     4
       Kick              ||     5
 Cast: Beastly Appendage ||     4
 Stab: Sleeping          ||    10
  Eat: Chunk             ||     1
Armor: Skin              ||     8
Dodge: Dodged            ||    36
